 Dungeon Crawl Stone Soup version 0.29.0-4-gdea44cf6ec (webtiles) character file.

Game seed: 17065808566340178838

13 qw the Firebug (level 2, -2/23 HPs)
             Began as a Ghoul Fire Elementalist on Aug 29, 2022.
             Slain by Sigmund
             ... wielding a +0 scythe
              (4 damage)
             ... on level 2 of the Dungeon.
             The game lasted 00:00:46 (876 turns).

qw the Firebug (Ghoul Fire Elementalist)             Turns: 876, Time: 00:00:47

Health: -2/23      AC:  3    Str: 11    XL:     2   Next: 37%
Magic:  3/3        EV: 15    Int: 10    God:
Gold:   42         SH:  0    Dex:  9    Spells: 3/4 levels left

rFire   . . .      SeeInvis .     - Unarmed
rCold   + . .      Faith    .   (no shield)
rNeg    + + +      Spirit   .   f - +0 leather armour
rPois   inf        Reflect  .   (no helmet)
rElec   .          Harm     .   (no cloak)
rCorr   .          Rampage  .   (no gloves)
Will    .....                   (no boots)
Stlth   +.........              (no amulet)
HPRegen 0.00/turn               g - +4 ring of evasion
MPRegen 0.08/turn               (no ring)

@: inhibited regen
A: claws 1, cold resistance 1, negative energy resistance 3, inhibited
regeneration, torment resistance 2, devour on kill
a: no special abilities


You were on level 2 of the Dungeon.
You visited 1 branch of the dungeon, and saw 2 of its levels.

You collected 42 gold pieces.


Innate Abilities, Weirdness & Mutations

You are immune to poison.
You have sharp fingernails.
Your flesh is cold resistant. (rC+)
You are immune to negative energy. (rN+++)
You do not regenerate when monsters are visible.
You are immune to unholy pain and torment.
You thrive by killing the living.


   Skills:
 - Level 1.0 Fighting
 - Level 1.7 Dodging
 - Level 2.1 Stealth
 + Level 1.7 Unarmed Combat
 - Level 1.7 Spellcasting
 - Level 0.7 Conjurations
 - Level 2.4 Fire Magic


You had 3 spell levels left.
You knew the following spells:

 Your Spells              Type           Power      Damage    Failure   Level
a - Foxfire               Conj/Fire      16%        2x1d4     22%         1

Your spell library contained the following spells:

 Spells                   Type           Power      Damage    Failure   Level
 Scorch                   Fire           10%        2d6       24%         2
 Conjure Flame            Conj/Fire      4%         6-21      54%         3
 Inner Flame              Hex/Fire       3%         N/A       61%         3
 Flame Wave               Conj/Fire      4%         2d5       91%         4

Inventory:

Armour
 f - a +0 leather armour (worn)
Jewellery
 g - a +4 ring of evasion (left claw)
Potions
 a - a potion of attraction {unknown}
 d - a potion of might {unknown}
 i - a potion of heal wounds {unknown}
 j - a potion of flight {unknown}

Dungeon Overview and Level Annotations

Branches:
Dungeon (2/15)

Altars:

Shops:
D:2 =

Annotations:
D:2 Sigmund


Message History

The kobold hits you with a +0 whip of draining.
You scratch Sigmund.
Sigmund is heavily wounded.
The kobold hits you with a +0 whip of draining.
You scratch Sigmund but do no damage.
Sigmund is heavily wounded.
Sigmund closely misses you.
The kobold hits you with a +0 whip of draining.
You closely miss Sigmund.
Sigmund is heavily wounded.
Sigmund closely misses you. The kobold closely misses you.
You scratch Sigmund but do no damage.
Sigmund is heavily wounded.
The kobold closely misses you.
You scratch Sigmund.
Sigmund is heavily wounded.
Sigmund barely misses you. The kobold completely misses you.
You scratch Sigmund.
Sigmund is severely wounded.
Sigmund casts a spell at you.
You are confused.
The kobold hits you with a +0 whip of draining.
You're too confused to move!
Sigmund closely misses you. The kobold misses you.
You barely miss Sigmund.
Sigmund is severely wounded.
The kobold hits you with a +0 whip of draining.
Sigmund barely misses you. The kobold misses you.
You scratch the kobold.
The kobold is severely wounded.
Sigmund hits you from afar with a +0 scythe.
The kobold completely misses you.
You closely miss the kobold. Your claw misses the kobold.
The kobold is severely wounded.
You feel less confused. The kobold barely misses you.
You scratch the kobold but do no damage.
The kobold is severely wounded.
Sigmund hits you from afar with a +0 scythe.
You die...

.... .... ###########
..# #.........# # ..#
#.........# # #.#
#.........# # ##.#
#.........# # #..#####
###.........# #
#......###...........#
###.......##.#@K@......#
.............###..######
#.........###....##
.#)......#...#..##
........#.....#.#
.#......#..\..#..#
........#.....#....
.....>...#...#..####
##........###..##


You could see Sigmund and a kobold.

Vanquished Creatures
  2 ball pythons (D:1)
  3 endoplasms (D:1)
  A goblin (D:2)
  2 hobgoblins
  A bat (D:1)
  2 rats (D:1)
11 creatures vanquished.

Notes
Turn   | Place    | Note
-------+----------+-------------------------------------------
     0 | D:1      | qw the Ghoul Fire Elementalist began the quest for the Orb.
     0 | D:1      | Reached XP level 1. HP: 14/14 MP: 2/2
     0 | D:1      | 0 ||| qw: Version: 0.1-a-90-g952f4b7
     0 | D:1      | 0 ||| qw: Game counter: 3756
     0 | D:1      | 0 ||| qw: Always use a shield: true
     0 | D:1      | 0 ||| qw: God list: Okawaru
     0 | D:1      | 0 ||| qw: Allow faded altars: false
     0 | D:1      | 0 ||| qw: Do Orc after D:15 true
     0 | D:1      | 0 ||| qw: Do second Lair branch before Depths: true
     0 | D:1      | 0 ||| qw: Lair rune preference: random
     0 | D:1      | 0 ||| qw: Plans: Normal
     0 | D:1      | 0 ||| PLANNING D:1-11
    43 | D:1      | 43 ||| Stepping ~*~*~tactically~*~*~ (outnumbered).
    44 | D:1      | 44 ||| Stepping ~*~*~tactically~*~*~ (outnumbered).
    45 | D:1      | 45 ||| Stepping ~*~*~tactically~*~*~ (outnumbered).
    46 | D:1      | 46 ||| Stepping ~*~*~tactically~*~*~ (outnumbered).
   190 | D:1      | Reached skill level 1 in Unarmed Combat
   326 | D:1      | Reached skill level 1 in Fighting
   326 | D:1      | Reached XP level 2. HP: 19/23 MP: 3/3
   519 | D:1      | Found a faded altar of an unknown god.
   561 | D:1      | 561 ||| UPGRADING to +0 leather armour.
   571 | D:1      | 571 ||| DROPPING +0 robe.
   572 | D:1      | 572 ||| UPGRADING to +4 ring of evasion.
   573 | D:1      | 573 ||| READING scroll labelled DUHIL GAESILA.
   574 | D:1      | 574 ||| READING scroll labelled VAWOWI DIFUSE.
   575 | D:1      | 575 ||| READING scroll labelled BUGGOZXESK.
   576 | D:1      | 576 ||| DROPPING potion of magic.
   625 | D:2      | 625 ||| STAIRDANCE
   841 | D:2      | Found Gifraogi's One-of-a-Kind Rings.
   851 | D:2      | 851 ||| SHOPLISTING +2 ring of protection (100 gold, have
                  | 42).
   851 | D:2      | 851 ||| SHOPLISTING +2 ring of slaying (210 gold, have 42).
   851 | D:2      | 851 ||| SHOPLISTING +5 ring of evasion (550 gold, have 42).
   851 | D:2      | 851 ||| SHOPLISTING ring "Zootac" {rF- rN+ Str+4 Dex+4}
                  | (368 gold, have 42).
   856 | D:2      | Noticed Sigmund
   874 | D:2      | HP: 2/23 [Sigmund/+0 scythe (6)]
   876 | D:2      | Slain by Sigmund

Levels and vault maps discovered:
D:1:      dpeg_arrival_shelter, layout_rooms,
          shapermc_ecumenical_altar_starsandcircs
D:2:      layout_rooms, basic_altar, minmay_misc_feat_roman,
          nicolae_shop_unique_rings, kennysheep_generic_room_2, uniq_sigmund

Skill      XL: |  1 |
---------------+----+-----
Unarmed Combat | 1 |  1.7
Fighting       | 1 |  1.0
Dodging        | |  1.7
Stealth        | |  2.1
Spellcasting   | |  1.7
Conjurations   | |  0.7
Fire Magic     | |  2.4

Action                   || total
-------------------------++-------
Melee: Unarmed           ||    74
  Use: Scroll            ||     3
Armor: Robe              ||     5
       Leather armour    ||     4
Dodge: Dodged            ||    53

Table legend:
 A = Non-vault XP
 B = Vault XP
 C = Vault XP percentage of total XP
 D = Non-vault monster count
 E = Vault monster count
 F = Vault count percentage of total count
                 A         B        C        D         E       F
            +---------+---------+-------+---------+---------+-------
      Total |      19 |       0 |   0.0 |      11 |       0 |   0.0
            +---------+---------+-------+---------+---------+-------
        D:1 |      15 |       0 |   0.0 |       9 |       0 |   0.0
        D:2 |       4 |       0 |   0.0 |       2 |       0 |   0.0
            +---------+---------+-------+---------+---------+-------
